 Dungeon Crawl Stone Soup version 0.18-a0-998-gcb3fcb1 (webtiles) character file.

1332 tof the Covered (level 8, -1/68 HPs)
             Began as a Minotaur Fighter on Jan 5, 2016.
             Succumbed to chonchonts's ghost's toxic radiance
             ... on level 7 of the Dungeon.
             The game lasted 00:11:15 (3664 turns).

tof the Covered (Minotaur Fighter)                  Turns: 3664, Time: 00:11:15

Health: -1/68      AC: 10    Str: 21    XL:     8   Next: 34%
Magic:  7/7        EV: 10    Int:  5    God:
Gold:   208        SH:  0    Dex: 17    Spells: 0 memorised, 7 levels left

rFire  . . .     SeeInvis .     a - +0 broad axe
rCold  . . .     Gourm    .     b - +0 scale mail
rNeg   . . .     Faith    .     c - +0 shield
rPois  .         Spirit   .     (helmet restricted)
rElec  .         Dismiss  .     m - +0 cloak
rCorr  .         Reflect  .     t - +0 pair of gloves
SustAt .         Harm     .     (no boots)
MR     .....                    (no amulet)
Stlth  +.........               y - +5 ring of dexterity
                                g - ring of stealth

@: confused, lethally poisoned (-1 -> -33), not resistant to hostile
enchantments, very unstealthy
A: retaliatory headbutt, horns 2
a: no special abilities


You were on level 7 of the Dungeon.
You were not hungry.

You visited 1 branch of the dungeon, and saw 6 of its levels.

You collected 208 gold pieces.

Inventory:

Hand Weapons
 a - a +0 broad axe (weapon)
Missiles
 C - 26 poisoned needles
Armour
 b - a +0 scale mail (worn)
 c - a +0 shield (worn)
 m - a +0 cloak (worn)
 t - a +0 pair of gloves (worn)
Jewellery
 g - a ring of stealth (left hand)
 y - a +5 ring of dexterity (right hand)
Wands
 o - a wand of enslavement (17/24)
 r - a wand of flame (26/48)
Scrolls
 e - a scroll of fog
 j - 3 scrolls of identify
 u - a scroll of recharging {unknown}
 v - a scroll of enchant weapon {unknown}
Potions
 d - 2 potions of might
 i - a potion of ambrosia {unknown}
 k - 4 potions of curing {unknown}
 l - a potion of heal wounds {unknown}
 q - 2 potions of brilliance {unknown}
 A - a potion of agility {unknown}
Comestibles
 f - 6 bread rations
 h - 10 chunks of flesh
 n - 2 meat rations
 p - 2 slices of pizza
 s - a beef jerky
 z - 9 fruits


   Skills:
 + Level 5.3 Fighting
 * Level 6.9 Axes
 * Level 7.9 Armour
 * Level 4.3 Dodging
 + Level 1.1 Stealth
 + Level 5.0 Shields


You had 7 spell levels left.
You didn't know any spells.

Dungeon Overview and Level Annotations

Branches:
Dungeon (7/15)             Temple (0/1) D:4

Altars:
Gozag
Nemelex Xobeh
Qazlal
Trog

Annotations:
D:4 Dowan, Duvessa, Grinder
D:7 chonchonts's ghost, novice GrVM


Innate Abilities, Weirdness & Mutations

You reflexively headbutt those who attack you in melee.
You have a pair of horns on your head.


Message History

You feel very sick.
* * * LOW HITPOINT WARNING * * *
You are more poisoned.
Some of the chunks of flesh in your inventory have rotted away.
* * * LOW HITPOINT WARNING * * *
You feel very sick.
* * * LOW HITPOINT WARNING * * *
You are more poisoned.
* * * LOW HITPOINT WARNING * * *
You feel very sick.
* * * LOW HITPOINT WARNING * * *
You are more poisoned.
Chonchonts's ghost's toxic aura wanes.
Chonchonts's ghost points at you and mumbles some strange words.
The ball explodes into a vile cloud!
The stinking cloud engulfs you!
You hear a shout!
You are engulfed in noxious fumes.
You choke on the stench!
You are confused.
* * * LOW HITPOINT WARNING * * *
You die...

#.###..############
#..................
#..##..###########. #......#
#...##. #####
###.#...######...##.
......###o....))....##...##.
......'O.W§.§.)[.>..##...##.
......#####§§...#....#...##.
..... #@....#....#...##.
.... #...÷.............


oo. #.......#.....#### .. #.......#..##.#### . ##...........#...#
#......#.......#.# ####....#.#....<#.#.# ................###.# )......#....##..#
#.# You could see an orc.

Vanquished Creatures
  Sigmund (D:2)
  An ice beast (D:6)
  An orc warrior (D:4)
  A phantom (D:4)
  3 giant frogs
  3 killer bees (D:7)
  A crimson imp (D:7)
  Crazy Yiuf (D:3)
  A jelly (D:3)
  3 orc priests
  Jessica (D:3)
  Natasha (D:3)
  4 orc wizards
  A killer bee zombie (D:7)
  2 worker ant zombies (D:6)
  Robin (D:2)
  6 adders
  A shadow imp (D:3)
  3 oozes
  3 worms
  5 giant geckos
  14 orcs
  4 bats
  4 giant cockroaches
  14 goblins
  11 hobgoblins
  10 kobolds
  A quokka (D:3)
  A ball python (D:7)
  6 giant newts
  6 rats
  A fungus (D:3)
116 creatures vanquished.

Notes
Turn   | Place    | Note
--------------------------------------------------------------
     0 | D:1      | tof the Minotaur Fighter began the quest for the Orb.
     0 | D:1      | Reached XP level 1. HP: 19/19 MP: 0/0
    90 | D:1      | Reached skill level 4 in Fighting
    90 | D:1      | Reached XP level 2. HP: 25/27 MP: 1/1
   513 | D:2      | Found a bloodstained altar of Trog.
   517 | D:2      | Found a stormy altar of Qazlal.
   619 | D:2      | Reached XP level 3. HP: 29/33 MP: 2/2
   682 | D:2      | Noticed Robin
   691 | D:2      | Reached skill level 1 in Dodging
   693 | D:2      | Killed Robin
   695 | D:2      | Reached XP level 4. HP: 32/40 MP: 3/3
   740 | D:2      | Noticed Sigmund
   749 | D:2      | Killed Sigmund
   749 | D:2      | Reached skill level 5 in Armour
   749 | D:2      | Reached XP level 5. HP: 6/47 MP: 4/4
  1361 | D:3      | Reached XP level 6. HP: 49/53 MP: 5/5
  1750 | D:3      | Found a sparkling altar of Nemelex Xobeh.
  1750 | D:3      | Found an opulent altar of Gozag.
  1944 | D:3      | Noticed Jessica
  1960 | D:3      | Killed Jessica
  2047 | D:3      | Noticed Natasha
  2050 | D:3      | Killed Natasha
  2302 | D:3      | Noticed Crazy Yiuf
  2312 | D:3      | Killed Crazy Yiuf
  2588 | D:4      | Reached skill level 5 in Axes
  2588 | D:4      | Reached skill level 6 in Armour
  2588 | D:4      | Reached XP level 7. HP: 50/60 MP: 6/6
  2662 | D:4      | Reached skill level 1 in Stealth
  2897 | D:4      | Found a staircase to the Ecumenical Temple.
  2987 | D:4      | Noticed Grinder
  2988 | D:4      | Noticed Duvessa
  2988 | D:4      | Noticed Dowan
  2993 | D:4      | Paralysed by Grinder for 2 turns
  3006 | D:4      | You fall through a shaft for 2 floors!
  3210 | D:6      | Reached skill level 7 in Armour
  3211 | D:6      | Reached skill level 5 in Fighting
  3430 | D:6      | Reached XP level 8. HP: 51/68 MP: 7/7
  3446 | D:6      | You fall through a shaft!
  3543 | D:7      | Reached skill level 5 in Shields
  3650 | D:7      | Noticed chonchonts's ghost (novice GrVM)
  3664 | D:7      | HP: 2/68 [something] (2)]
  3664 | D:7      | Succumbed to chonchonts's ghost's toxic radiance

Vault maps used:
D:1:      dpeg_arrival_round_b, minmay_unequal
D:2:      nicolae_qazlal_general_emergency, old_standard_altar, uniq_robin,
          uniq_sigmund
D:3:      grunt_temple_overflow_opulence, uniq_crazy_yiuf_cottage, uniq_jessica,
          uniq_natasha
D:4:      nicolae_dithmenos_through_a_glass_darkly, led_sif_pool,
          minmay_temple_entry_nine_rooms, uniq_duvessa, uniq_blork_the_orc,
          uniq_grinder

Action                   |  1- 3 |  4- 6 |  7- 9 || total
-------------------------+-------+-------+-------++-------
Melee: War axe           |    72 |    46 |       ||   118
       Broad axe         |       |    66 |    86 ||   152
  Use: Scroll            |       |     6 |       ||     6
  Eat: Chunk             |       |     6 |     3 ||     9
